 Dungeon Crawl Stone Soup version 0.16-a0-3667-g690a316 (webtiles) character file.

106 Corruption the Ruffian (level 4, -6/37 HPs)
             Began as a Bearkin Berserker on May 31, 2015.
             Was a Priest of Trog.
             Mangled by spookyghost's ghost (14 damage)
             ... on level 3 of the Dungeon.
             The game lasted 00:13:18 (3096 turns).

Corruption the Ruffian (Bearkin Berserker)          Turns: 3096, Time: 00:13:18

Health: -6/37      AC:  7    Str: 21    XL:     4   Next: 55%
Magic:  4/4        EV: 11    Int:  6    God:    Trog [***...]
Gold:   146        SH:  0    Dex: 11    Spells: 0 memorised, 3 levels left

rFire  . . .     SeeInvis .       - Unarmed
rCold  . . .     Clarity  .     m - +0 ring mail
rNeg   . . .     SustAb   .     (no shield)
rPois  .         Gourm    .     c - +0 helmet
rElec  .         Spirit   .     (no cloak)
rCorr  .         Warding  .     (no gloves)
rMut   .         Stasis   .     (no boots)
MR     .....                    (no amulet)
Stlth  +.........               (no ring)
                                (no ring)

@: not resistant to hostile enchantments, very unstealthy
A: claws 1, shaggy fur 1, hind claws 2, cornered berserk
a: Cornered Berserk, Burn Spellbooks, Berserk, Trog's Hand, Renounce Religion


You were on level 3 of the Dungeon.
You worshipped Trog.
Trog was most pleased with you.
You were not hungry.

You visited 1 branch of the dungeon, and saw 4 of its levels.

You collected 146 gold pieces.

Inventory:

Armour
 b - a +0 animal skin
 c - a +0 helmet (worn)
 m - a +0 ring mail (worn)
Magical devices
 n - a wand of fireball (5)
 o - a wand of frost (20)
Scrolls
 d - a scroll of remove curse {unknown}
 e - 9 scrolls of identify {unknown}
 f - 2 scrolls of teleportation {unknown}
 j - 2 scrolls of recharging {unknown}
 l - a scroll of noise {unknown}
 p - 2 scrolls of random uselessness {unknown}
 s - a scroll of enchant armour {unknown}
 t - a scroll of immolation {unknown}
Potions
 a - a potion of ambrosia {unknown}
 h - a potion of agility {unknown}
 i - a potion of curing {unknown}
 k - 2 potions of lignification {unknown}
 r - 3 potions of might {unknown}
Comestibles
 g - a beef jerky
 q - 3 bread rations


   Skills:
 * Level 3.9 Fighting
 + Level 1.4 Armour
 + Level 2.3 Dodging
 * Level 4.0 Unarmed Combat


You had 3 spell levels left.
You didn't know any spells.

Dungeon Overview and Level Annotations

Branches:
Dungeon (4/15)
 Temple: D:4-7

Altars:
Elyvilon
Kikubaaqudgha
Makhleb
Sif Muna
Vehumet
The Shining One

Annotations:
D:3 spookyghost's ghost, average BeGl


Innate Abilities, Weirdness & Mutations

You have sharp fingernails.
You are covered in fur (AC +1).
Your hind legs have sharp claws.
You can berserk when greatly wounded.


Message History

The hound begins to bleed from its wounds!
The hound is lightly wounded.
The hound bites you.
* * * LOW HITPOINT WARNING * * *
You closely miss the hound.
Your hind claws misses the hound.
The hound is lightly wounded.
The hound closely misses you. The hound bites you but does no damage.
The hound misses you.
The hound is no longer bleeding.
The hound barely misses you. The hound barely misses you.
You hear the hiss of an avalanche of sand, a long way away.
The hound closely misses you.
There is a stone staircase leading up here.
The hound bites you but does no damage. The hound bites you.
* * * LOW HITPOINT WARNING * * *
You climb upwards.
Level annotation: spookyghost's ghost, average BeGl Spookyghost's ghost hits you!
You die...

#.#
####(........##
#.#
#...(.(#####.##
#.#
#.####.#####...
#.# #.#
#.(....... #.#
#.# #######.(.
#.###[# #...
#.##>.# ####
#h##.## #..
#W@#.# #.#
##.#.# #.#
#.#.# #.# #.#.#
#.#
#.#.#########
#.#
#...........#
#.#
###.#######.##
#.# #.#
#.).###.# #.#
##.#.....#


You could see a hound and spookyghost's ghost.

Vanquished Creatures
  An orc priest (D:3)
  An adder (D:2)
  A giant gecko (D:2)
  7 orcs (D:3)
  2 giant cockroaches (D:3)
  6 hobgoblins
  9 jackals
  8 kobolds
  9 bats
  2 giant newts
  4 goblins
  8 rats
  A bush (D:2)
  A fungus (D:2)
60 creatures vanquished.

Notes
Turn   | Place    | Note
--------------------------------------------------------------
     0 | D:1      | Corruption, the Bearkin Berserker, began the quest for the Orb.
     0 | D:1      | Reached XP level 1. HP: 18/18 MP: 1/1
   782 | D:1      | Reached XP level 2. HP: 24/24 MP: 2/2
  1299 | D:2      | Acquired Trog's second power
  1358 | D:2      | Reached XP level 3. HP: 27/29 MP: 3/3
  1410 | D:2      | Found a white marble altar of Elyvilon.
  2328 | D:3      | Found a glowing golden altar of the Shining One.
  2547 | D:3      | Gained mutation: Your hind legs have sharp claws. [bearkin transformation]
  2547 | D:3      | Reached XP level 4. HP: 34/37 MP: 4/4
  2642 | D:3      | Reached skill level 4 in Unarmed Combat
  2768 | D:3      | Found a deep blue altar of Sif Muna.
  2773 | D:3      | Identified Sif Muna's Tome of Moulding
  2784 | D:3      | Found a radiant altar of Vehumet.
  2791 | D:3      | Found an ancient bone altar of Kikubaaqudgha.
  2904 | D:3      | Noticed spookyghost's ghost (average BeGl)
  3069 | D:4      | Found a burning altar of Makhleb.
  3096 | D:3      | Mangled by spookyghost's ghost

Action                   |  1- 3 |  4- 6 || total
-------------------------+-------+-------++-------
Melee: Unarmed           |   300 |    50 ||   350
Invok: Burn Spellbooks   |       |     3 ||     3
  Eat: Bread ration      |     2 |       ||     2
